 Dungeon Crawl Stone Soup version 0.24-a0-446-g87df7205b4 (webtiles) character file.

Game seed: 12929190170016520347

100 Peloso the Shield-Bearer (level 4, -2/40 HPs)
             Began as a Minotaur Fighter on June 24, 2019.
             Slain by an ice beast (10 damage)
             ... on level 3 of the Dungeon.
             The game lasted 00:02:56 (1545 turns).

Peloso the Shield-Bearer (Minotaur Fighter)         Turns: 1545, Time: 00:02:57

Health: -2/40      AC: 13    Str: 20    XL:     4   Next: 47%
Magic:  3/3        EV:  4    Int:  5    God:
Gold:   35         SH:  9    Dex: 11    Spells: 3/3 levels left

rFire    . . .     SeeInvis .   a - +0 long sword
rCold    . . .     Gourm    .   c - +0 shield
rNeg     . . .     Faith    .   j - +0 plate armour
rPois    .         Spirit   .   (helmet restricted)
rElec    .         Reflect  .   n - +0 cloak
rCorr    .         Harm     .   (no gloves)
MR       .....                  (no boots)
Stlth    ..........             (no amulet)
HPRegen  0.13/turn              (no ring)
MPRegen  0.08/turn              (no ring)

@: no status effects
A: retaliatory headbutt, horns 2
a: no special abilities


You were on level 3 of the Dungeon.
You were very hungry.

You visited 1 branch of the dungeon, and saw 3 of its levels.

You collected 35 gold pieces.

Inventory:

Hand Weapons
 a - a +0 long sword (weapon)
Missiles
 p - 29 bolts
Armour
 b - a +0 scale mail
 c - a +0 shield (worn)
 j - a +0 plate armour (worn)
 n - a +0 cloak (worn)
Scrolls
 e - 2 scrolls of blinking {unknown}
 g - 2 scrolls of magic mapping {unknown}
 h - 2 scrolls of remove curse {unknown}
 i - a scroll of teleportation {unknown}
 k - a scroll of enchant armour {unknown}
 q - a scroll of noise {unknown}
 r - a scroll of fog {unknown}
 s - a scroll of identify {unknown}
Potions
 d - a potion of might
 l - a potion of berserk rage {unknown}
 m - a potion of resistance {unknown}
 o - a potion of degeneration {unknown}
Comestibles
 f - 2 rations


   Skills:
 + Level 3.9 Fighting
 + Level 3.6 Long Blades
 + Level 4.6 Armour
 + Level 4.8 Shields


You had 3 spell levels left.
You didn't know any spells.
Your spell library was empty.

Dungeon Overview and Level Annotations

Branches:
Dungeon (3/15)

Altars:


Innate Abilities, Weirdness & Mutations

You reflexively headbutt those who attack you in melee.
You have a pair of horns on your head.


Message History

The quokka bites you.
You closely miss the quokka. You headbutt the quokka.
You kill the quokka!
You hit the ice beast but do no damage.
You headbutt the ice beast, but do no damage.
The ice beast hits you. The ice beast freezes you! The ice beast hits you.
The ice beast freezes you!
You hit the ice beast.
The ice beast is lightly wounded.
The ice beast hits you. The ice beast freezes you!
* * * LOW HITPOINT WARNING * * *
You slash the ice beast!
The ice beast is heavily wounded.
The ice beast hits you but does no damage.
You hit the ice beast but do no damage.
The ice beast is heavily wounded.
The ice beast hits you.
* * * LOW HITPOINT WARNING * * *
The ice beast freezes you!
You die...

#........ #.###.##.....##
##.......# ..#?#..#####..#
#.....#### ..##.##...####.#
##.#####..
###...###....#######
.#.......## .⌠. ####...)...#
...#####....
...###....#####.# .......#
##.. #.##...####.....#
....##....###.
#Y#..###.g...####
....####....##.#@#.##...#####
##..........<#.....#..###
##.....#### ##...##.##
###(..# #.).#..## ##.#...#
#...#...####### ###.(###.#>
##.##.#.#.....#
##...####.#.## #.#..#.......#
....†.........##.#.####.....#
##.########.#..#.#..###.....#


You could see an ice beast.

Vanquished Creatures
  3 gnolls
  2 adders
  A worm (D:2)
  2 dart slugs
  A leopard gecko (D:1)
  An orc (D:3)
  5 bats
  A giant cockroach (D:1)
  2 goblins
  5 hobgoblins
  7 jackals
  A kobold (D:3)
  A quokka (D:3)
  A ball python (D:2)
  4 frilled lizards
  8 rats
45 creatures vanquished.

Notes
Turn   | Place    | Note
-------+----------+-------------------------------------------
     0 | D:1      | Peloso the Minotaur Fighter began the quest for the Orb.
     0 | D:1      | Reached XP level 1. HP: 19/19 MP: 0/0
   118 | D:1      | Reached XP level 2. HP: 27/27 MP: 1/1
   645 | D:2      | Reached XP level 3. HP: 33/33 MP: 2/2
  1314 | D:3      | Reached XP level 4. HP: 35/40 MP: 3/3
  1537 | D:3      | Noticed an ice beast
  1545 | D:3      | Slain by an ice beast

Levels and vault maps discovered:
D:1:      dpeg_arrival_orchard, layout_basic, serial_corexii_hall,
          chequers_hall_statues_wall_a, chequers_hall_statues_corner_a,
          corexii_hall_statues_t, corexii_hall_statues_l
D:2:      layout_rooms, chequers_serial_rivers_micro_a, minmay_misc_feat_x
D:3:      minmay_general_purpose_star, layout_rooms, first_ration

Skill      XL: |  1  2  3 |
---------------+----------+-----
Armour         | 4 |  4.6
Shields        | 4 |  4.8
Long Blades    | 3 |  3.6
Fighting       | |  3.9

Action                   |  1- 3 |  4- 6 || total
-------------------------+-------+-------++-------
Melee: Long sword        |    85 |    34 ||   119
       Headbutt          |    16 |     7 ||    23
  Eat: Chunk             |     1 |       ||     1
Armor: Plate armour      |    63 |    18 ||    81
       Scale mail        |     1 |       ||     1
Dodge: Dodged            |    12 |     4 ||    16
Block: Shield            |    46 |    13 ||    59
       Rpst.: Long sword |     5 |     1 ||     6

Table legend:
 A = Non-vault XP
 B = Vault XP
 C = Vault XP percentage of total XP
 D = Non-vault monster count
 E = Vault monster count
 F = Vault count percentage of total count
                 A         B        C        D         E       F
            +---------+---------+-------+---------+---------+-------
      Total |     142 |       2 |   1.4 |      44 |       1 |   2.2
            +---------+---------+-------+---------+---------+-------
        D:1 |      25 |       0 |   0.0 |      14 |       0 |   0.0
        D:2 |      51 |       0 |   0.0 |      15 |       0 |   0.0
        D:3 |      66 |       2 |   2.9 |      15 |       1 |   6.2
            +---------+---------+-------+---------+---------+-------
